 Dungeon Crawl Stone Soup version 0.32-a0-913-g739538afd8 (webtiles) character file.

Game seed: 14518601018603990512

11994 jestert79 the Skirmisher (level 11, -11/82 HPs)
             Began as a Coglin Hunter on Apr 9, 2024.
             Was a High Priest of Okawaru.
             Mangled by an elephant (13 damage)
             ... on level 1 of the Lair of Beasts.
             The game lasted 00:34:54 (11412 turns).

jestert79 the Skirmisher (Coglin Hunter)           Turns: 11412, Time: 00:34:55

Health: -11/82     AC:  8    Str: 11 (12) XL:     11   Next: 86%
Magic:  14/14      EV: 14    Int:  7 (9)  God:    Okawaru [*****.]
Gold:   980        SH:  0    Dex: 18 (21) Spells: 10/10 levels left

rFire   . . .        a - +3 sling {Aahotepre}
rCold   . . .        d - +0 sling {Egon}
rNeg    . . .        A - +2 robe {Will+}
rPois   .            (no helmet)
rElec   .            (no cloak)
rCorr   .            e - +1 pair of gloves
SInv    .            v - +1 pair of boots
Will    +....        (amulet unavailable)
Stlth   ++           (ring unavailable)
HPRegen 0.33/turn    (ring unavailable)
MPRegen 0.14/turn    (no gizmo)

%: no passive effects
@: revved
A: off-hand wielding, slow wielding, warmup strikes, no jewellery
a: Invent Gizmo, Renounce Religion, Heroism, Finesse, Duel


You were on level 1 of the Lair of Beasts.
You worshipped Okawaru.
Okawaru was extremely pleased with you.
You visited 3 branches of the dungeon, and saw 12 of its levels.

You collected 1249 gold pieces.
You spent 269 gold pieces at shops.

Inventory:

Hand Weapons
 a - a +3 sling (weapon) {Aahotepre}
 d - a +0 sling (offhand) {Egon}
Missiles
 o - 33 poisoned darts (quivered)
Armour
 e - a +1 pair of gloves (worn)
 v - a +1 pair of boots (worn)
 A - a +2 robe of willpower (worn)
Wands
 y - a wand of iceblast (1)
Scrolls
 b - a scroll of butterflies
 n - 4 scrolls of revelation
 p - a scroll of poison
 w - a scroll of enchant armour
 x - 2 scrolls of amnesia
 C - a scroll of immolation
 E - 3 scrolls of vulnerability
Potions
 f - a potion of haste
 h - 3 potions of attraction
 j - a potion of enlightenment
 k - a potion of lignification
 m - a potion of resistance
 q - a potion of curing
 r - 2 potions of brilliance
 t - 2 potions of might
 u - 2 potions of berserk rage
 D - 3 potions of magic


   Skills:
 + Level 6.3 Fighting
 - Level 14.0 Ranged Weapons
 + Level 5.8 Dodging
 - Level 0.7 Stealth
 + Level 4.4 Invocations
 + Level 5.9 Evocations


You had 10 spell levels left.
You didn't know any spells.
Your spell library contained the following spells:

 Spells                   Type           Power      Damage    Failure   Level
 Freeze                   Ice            0%         1d3       43%         1
 Slow                     Hex            0%         N/A       43%         1
 Confusing Touch          Hex            0%         N/A       80%         3
 Frozen Ramparts          Ice            0%         1d1       80%         3
 Hailstorm                Conj/Ice       0%         3d5       80%         3
 Vampiric Draining        Necr           0%         2d6       80%         3
 Lee's Rapid Deconstruct  Erth           0%         3d4*      100%        5
 Animate Armour           Summ/Erth      Unusable   N/A       N/A         4
 Summon Lightning Spire   Summ/Air       Unusable   N/A       N/A         4

Dungeon Overview and Level Annotations

Branches:
Dungeon (10/15)            Temple (1/1) D:5            Lair (1/5) D:9
    Orc (0/2) D:10

Altars:
Ashenzari
Cheibriados
Dithmenos
Elyvilon
Fedhas
Gozag
Hepliaklqana
Kikubaaqudgha
Makhleb
Nemelex Xobeh
Okawaru
Qazlal
Ru
Sif Muna
Trog
Uskayaw
Vehumet
Wu Jian
Xom
Yredelemnul
Zin
The Shining One

Shops:
D:8 *

Annotations:
D:8 4 transporters


Innate Abilities, Weirdness & Mutations

You can wield a second weapon in your off-hand.
It takes a long time for you to wield or remove held weapons.
Your first few attacks do less damage.
You cannot equip rings or amulets.


Message History

The elephant is moderately wounded.
You shoot a sling bullet.
The sling bullet barely misses the elephant.
Unknown command.
You shoot a sling bullet. The sling bullet hits the elephant.
The elephant is moderately wounded.
You shoot a sling bullet.
The sling bullet hits the elephant but does no damage.
The elephant is moderately wounded.
The elephant tramples you but does no damage.
The elephant closely misses you.
You shoot a sling bullet.
The sling bullet hits the elephant but does no damage.
The elephant is moderately wounded.
You shoot a sling bullet. The sling bullet hits the elephant!
The elephant is moderately wounded.
The elephant tramples you.
* * * LOW HITPOINT WARNING * * *
You hold your ground!
The elephant trunk-slaps you.
* * * LOW HITPOINT WARNING * * *
You shoot a sling bullet. The sling bullet hits the elephant.
The elephant is moderately wounded.
You shoot a sling bullet. The sling bullet hits the elephant.
The elephant is moderately wounded.
Unknown command.
You shoot a sling bullet.
The sling bullet hits the elephant but does no damage.
The elephant is moderately wounded.
You shoot a sling bullet. The sling bullet hits the elephant!
The elephant is heavily wounded.
The elephant tramples you but does no damage.
The elephant trunk-slaps you.
* * * LOW HITPOINT WARNING * * *
You shoot a sling bullet.
The sling bullet hits the elephant but does no damage.
The elephant is heavily wounded.
You shoot a sling bullet. The sling bullet hits the elephant.
The elephant is heavily wounded.
The elephant tramples you!
You die...

P.# # #.....##......##..##
#.####P###..........##....#
#[.......###.....##......#
###.####P##..###'###.......#
##.#.# # #.###...##.......#
Y..Y.# #†.#.....(.......#####
####.## #...ß.>.ß#......[.....
#..†######.##Y....##....P###...
##...Y.....##.@ß..#####.##
##.#.##.##.######## #..#
#..#######..# ##.# #..# #>##
#†# ##.## #.# #<# #...# #)# #.#
#..## #.# #.# #### ### ###


You could see an elephant.

Vanquished Creatures
  A two-headed ogre (D:10)
  A boulder beetle (Lair:1)
  An elephant (Lair:1)
  A cane toad (Lair:1)
  4 komodo dragons
  A hornet (D:9)
  Grinder (D:6)
  A shadow (D:10)
  A wraith (D:10)
  A wyvern (D:7)
  18 yaks
  A vampire (D:10)
  2 steam dragons
  An acid dragon (D:10)
  4 water moccasins
  An ice beast (D:4)
  3 black bears
  3 orc warriors
  3 sky beasts
  4 ogres
  2 centaurs
  6 wolves (Lair:1)
  A phantom (D:5)
  2 kobold brigands
  Blork the orc (D:4)
  9 bullfrogs
  A gnoll sergeant (D:10)
  5 scorpions
  8 wights
  6 howler monkeys
  2 bombardier beetles (D:3)
  2 hounds (D:5)
  2 gnoll boudas
  6 orc priests
  A jelly (D:6)
  2 iguanas
  A sleepcap (D:4)
  9 orc wizards
  17 gnolls
  7 adders
  2 shadow imps (D:8)
  3 white imps
  2 ufetubi (D:4)
  3 dart slugs
  3 ribbon worms
  34 orcs
  5 endoplasms
  6 giant cockroaches
  10 goblins
  4 hobgoblins
  16 jackals
  4 quokkas
  7 ball pythons
  4 bats
  3 frilled lizards
  8 kobolds
  9 rats
266 creatures vanquished.

Vanquished Creatures (collateral kills)
  A phantom (D:5)
1 creature vanquished.

Vanquished Creatures (others)
  A yak (D:5)
1 creature vanquished.

Grand Total: 268 creatures vanquished

Notes
Turn   | Place    | Note
-------+----------+-------------------------------------------
     0 | D:1      | jestert79 the Coglin Hunter began the quest for the Orb.
     0 | D:1      | Reached XP level 1. HP: 16/16 MP: 1/1
    86 | D:1      | Reached skill level 4 in Ranged Weapons
    86 | D:1      | Reached XP level 2. HP: 22/22 MP: 2/2
   276 | D:1      | Reached XP level 3. HP: 27/27 MP: 3/3
   381 | D:1      | Found a faded altar of an unknown god.
  1066 | D:2      | Reached skill level 5 in Ranged Weapons
  1078 | D:2      | Reached XP level 4. HP: 33/33 MP: 4/4
  1490 | D:3      | Reached XP level 5. HP: 38/38 MP: 5/5
  1647 | D:3      | Reached skill level 6 in Ranged Weapons
  2066 | D:3      | Reached XP level 6. HP: 44/44 MP: 6/6
  2330 | D:4      | Noticed Blork the orc
  2334 | D:4      | Killed Blork the orc
  2402 | D:4      | Noticed an ice beast
  2415 | D:4      | Killed an ice beast
  2416 | D:4      | Reached skill level 7 in Ranged Weapons
  2613 | D:4      | Reached XP level 7. HP: 50/50 MP: 7/7
  2629 | D:4      | Found a stormy altar of Qazlal.
  2763 | D:4      | Reached skill level 8 in Ranged Weapons
  2890 | D:4      | Identified the +0 leather armour "Zarrypt" {Stlth+}
  2965 | D:4      | Found a snail-covered altar of Cheibriados.
  3051 | D:5      | Entered Level 5 of the Dungeon
  3236 | D:5      | Reached skill level 9 in Ranged Weapons
  3236 | D:5      | Reached XP level 8. HP: 53/56 MP: 8/8
  3354 | D:5      | Found a shadowy altar of Dithmenos.
  3761 | D:4      | Reached skill level 10 in Ranged Weapons
  3888 | D:5      | Noticed a yak
  3888 | D:5      | Noticed a yak
  3890 | D:5      | Noticed a yak
  3903 | D:5      | Killed a yak
  4013 | D:5      | Found a staircase to the Ecumenical Temple.
  4038 | D:5      | Killed a yak
  4039 | D:5      | Reached skill level 11 in Ranged Weapons
  4039 | D:5      | Reached XP level 9. HP: 47/61 MP: 9/9
  4103 | Temple   | Entered the Ecumenical Temple
  4116 | Temple   | Became a worshipper of Warmaster Okawaru
  4520 | D:6      | Found a glowing silver altar of Zin.
  4525 | D:6      | Found a bloodstained altar of Trog.
  4528 | D:6      | Found a basalt altar of Yredelemnul.
  4531 | D:6      | Found a sparkling altar of Nemelex Xobeh.
  4737 | D:6      | Reached * piety under Okawaru
  4743 | D:6      | Reached skill level 12 in Ranged Weapons
  4988 | D:6      | Noticed Grinder
  5020 | D:6      | Killed Grinder
  5021 | D:6      | Reached skill level 1 in Invocations
  5154 | D:6      | Reached ** piety under Okawaru
  5612 | D:7      | Reached XP level 10. HP: 35/67 MP: 11/11
  5933 | D:7      | Reached skill level 13 in Ranged Weapons
  6577 | D:7      | Identified a scroll of acquirement
  6577 | D:7      | Acquired 713 gold pieces
  6687 | D:8      | Found Ylolloish's Assorted Antiques.
  6702 | D:8      | Bought a scroll of identify for 46 gold pieces
  6702 | D:8      | Bought an iron wand for 92 gold pieces
  6702 | D:8      | Bought a scroll labelled POMOMYENWE for 23 gold pieces
  6702 | D:8      | Bought a scroll labelled UCYIPS PODWE for 23 gold pieces
  6702 | D:8      | Bought an embroidered robe for 85 gold pieces
  6803 | D:8      | Reached *** piety under Okawaru
  7356 | D:8      | Found a transporter.
  7427 | D:8      | Found a transporter.
  7481 | D:8      | Found a transporter.
  7501 | D:8      | Found a transporter.
  8007 | D:9      | Found a sacrificial altar of Ru.
  8037 | D:9      | Reached **** piety under Okawaru
  8277 | D:9      | Reached skill level 14 in Ranged Weapons
  8356 | D:9      | Reached XP level 11. HP: 73/75 MP: 14/14
  8478 | D:9      | Found a staircase to the Lair.
  8496 | D:9      | Reached skill level 1 in Evocations
  8638 | D:9      | Found a blossoming altar of Fedhas.
  8850 | D:10     | Entered Level 10 of the Dungeon
  9453 | D:10     | Found a staircase to the Orcish Mines.
  9978 | D:10     | Noticed a two-headed ogre
  9996 | D:10     | Killed a two-headed ogre
  9996 | D:10     | Reached ***** piety under Okawaru
  9997 | D:10     | Reached skill level 5 in Fighting
 10625 | D:10     | Reached skill level 5 in Evocations
 10796 | Lair:1   | Entered Level 1 of the Lair of Beasts
 10814 | Lair:1   | Reached skill level 5 in Dodging
 10979 | Lair:1   | Noticed a boulder beetle
 10989 | Lair:1   | Killed a boulder beetle
 10989 | Lair:1   | Received a gift from Okawaru
 11361 | Lair:1   | HP: 6/123 [elephant (10)]
 11365 | Lair:1   | HP: 1/82 [elephant (4)]
 11409 | Lair:1   | HP: 4/82 [elephant (3)]
 11412 | Lair:1   | Mangled by an elephant

Illustrated notes

Levels and vault maps discovered:
D:1:      roadster_arrival_rocket_small, layout_rooms,
          dreamdust_ecumenical_altar_angels_and_demons
D:2:      layout_loops_ring
D:3:      layout_basic, gup_sewer_entry_bubbles, small_statue_intersection
D:4:      layout_basic, nicolae_qazlal_beasts_of_the_sky, slow_altar_1,
          uniq_blork_the_orc
D:5:      layout_loops_corners, nicolae_dithmenos_the_darkroom,
          minmay_temple_entry_stoned_glass
D:6:      minmay_recursive_quarters, layout_rooms,
          grunt_temple_overflow_cloverleaf, uniq_grinder
D:7:      layout_loops_cross, eino_tiny_chamber, kennysheep_crisscross
D:8:      layout_basic, serial_shops, shop, nicolae_transporter_intersection
D:9:      layout_rooms, mainiacjoe_overflow_large_starburst,
          due_lair_maze_entry_diamond
D:10:     layout_loops_ring, david_orc_2
Temple:   dshaligram_water_room_temple
Lair:1:   layout_small_grid, grunt_megastairs_2, serial_bayou_shore_a,
          serial_bayou_shore_b

Skill      XL: |  1  2  3  4  5  6  7  8  9 10 11 |
---------------+----------------------------------+-----
Ranged Weapons | 4 5 6 7 9 11 12 14 | 14.0
Invocations    | 2 4 |  4.4
Dodging        | 3 5 |  5.8
Fighting       | 3 6 |  6.3
Evocations     | 5 |  5.9
Stealth        | |  0.7

Action                     |  1- 3 |  4- 6 |  7- 9 | 10-12 || total
---------------------------+-------+-------+-------+-------++-------
   Fire: Sling             |   160 |   282 |   712 |  1128 ||  2282
  Throw: Dart              |       |       |       |     4 ||     4
  Evoke: Wand              |       |       |     1 |    14 ||    15
    Use: Scroll            |       |       |    13 |    11 ||    24
         Potion            |       |       |       |     9 ||     9
 Armour: Leather armour    |    12 |    43 |   101 |    13 ||   169
         Robe              |       |       |       |   140 ||   140
         Skin              |       |       |       |    16 ||    16
  Dodge: Dodged            |     9 |    36 |    58 |   137 ||   240

Table legend: (Time is in decaauts)
 A = Elapsed time spent in this place.
 B = Non-inter-level travel time spent in this place.
 C = Inter-level travel time spent in this place.
 D = Time resting spent in this place.
 E = Time spent auto-exploring this place.
 F = Levels seen in this place.
 G = Mean time per level.
                   A        B        C        D        E       F      G
               +--------+--------+--------+--------+--------+-----+--------+
         Total |  11298 |  10685 |    613 |   2788 |   5115 |  12 |  941.5 |
       Dungeon |  10767 |  10167 |    600 |   2587 |   5108 |  10 | 1076.7 |
        Temple |     26 |     14 |     12 |      0 |      0 |   1 |   26.0 |
          Lair |    503 |    503 |      0 |    201 |      7 |   1 |  503.0 |
               +--------+--------+--------+--------+--------+-----+--------+

Top non-repeatable levels by time:
     D:9: 1611 daAuts
     D:5: 1323 daAuts
     D:7: 1288 daAuts
     D:3: 1262 daAuts
    D:10: 1216 daAuts
     D:8: 1111 daAuts
     D:6: 1006 daAuts
     D:2: 738 daAuts
     D:4: 707 daAuts
  Lair:1: 503 daAuts
     D:1: 503 daAuts
  Temple: 26 daAuts
